 Dungeon Crawl Stone Soup version 0.27-a0-385-g3208abaabc (webtiles) character file.

Game seed: 11650224015210807944

30 kae the Insei (level 3, -8/26 HPs)
             Began as a Demonspawn Transmuter on Feb 19, 2021.
             Mangled by Sigmund
             ... wielding a +2 scythe of pain
              (13 damage)
             ... on level 2 of the Dungeon.
             The game lasted 00:00:58 (1583 turns).

kae the Insei (Demonspawn Transmuter)               Turns: 1583, Time: 00:00:58

Health: -8/26      AC:  2    Str: 11    XL:     3   Next: 3%
Magic:  4/6        EV: 12    Int: 14    God:
Gold:   59         SH:  0    Dex: 15    Spells: 2/6 levels left

rFire    . . .     SeeInvis .     - Unarmed
rCold    . . .     Faith    .   (no shield)
rNeg     . . .     Spirit   .   a - +0 robe
rPois    .         Reflect  .   (no helmet)
rElec    .         Harm     .   (no cloak)
rCorr    .         Rampage  .   (no gloves)
Will     .....                  (no boots)
Stlth    ++........             (no amulet)
HPRegen  0.08/turn              (no ring)
MPRegen  0.10/turn              (no ring)

@: confused
A: thin skeletal structure 1, demonic magic 1
a: no special abilities


You were on level 2 of the Dungeon.
You visited 1 branch of the dungeon, and saw 2 of its levels.

You collected 59 gold pieces.

Inventory:

Armour
 a - a +0 robe (worn)
Scrolls
 b - a scroll of identify
Potions
 c - a potion of might
 d - a potion of haste


   Skills:
 + Level 1.3 Fighting
 + Level 2.0 Dodging
 * Level 3.0 Unarmed Combat
 + Level 2.2 Spellcasting
 * Level 2.3 Transmutations
 * Level 0.0 Poison Magic


You had 2 spell levels left.
You knew the following spells:

 Your Spells              Type           Power        Failure   Level
a - Beastly Appendage     Tmut           16%          9%          1
b - Spider Form           Tmut/Pois      2%           41%         3

Your spell library contained the following spells:

 Spells                   Type           Power        Failure   Level
 Wereblood                Tmut           8%           14%         2
 Ice Form                 Ice/Tmut       4%           82%         4
 Blade Hands              Tmut           4%           94%         5


Dungeon Overview and Level Annotations

Branches:
Dungeon (2/15)

Altars:

Annotations:
D:2 Sigmund


Innate Abilities, Weirdness & Mutations

You have a somewhat thin skeletal structure. (Dex +2, Stealth)
Spells you cast may paralyse adjacent enemies.


Message History

Your transformation has ended.
Your +0 robe unmelds from your body.
Something hits you!
You hit something but do no damage. Something hits you but does no damage.
There is a stone staircase leading up here.
You climb upwards.
Reactivating autopickup.
There is a stone staircase leading down here.
You start resting.
Magic restored.
HP restored.
Casting: Spider Form (extremely dangerous; 41% risk of failure)
Confirm with . or Enter, or press ? or * to list all spells.
The spell is extremely dangerous to cast (41% risk of failure)!
Continue anyway? [Y]es or [N]o only, please.
The spell is extremely dangerous to cast (41% risk of failure)!
Continue anyway?
You turn into a venomous arachnid creature.
Your +0 robe melds into your body.
Malevolent energies surge around you.
Your transformation is almost over.
You climb downwards.
Level annotation: Sigmund
There is a stone staircase leading up here.
Sigmund points at himself and mumbles some strange words.
Sigmund flickers and vanishes!
Deactivating autopickup; reactivate with Ctrl-A.
You hear some strange, mumbled words.
You are confused.
You barely miss something. Something hits you!
You writhe in agony.
You miss something. Something barely misses you.
You hit something. You hit something. Something hits you.
Your transformation has ended.
Your +0 robe unmelds from your body.
You hear some strange, mumbled words.
A magic dart appears from out of thin air!
The magic dart hits you!
* * * LOW HITPOINT WARNING * * *
Something hits you!
Ouch! That really hurt!
You die...

#.... ###....
.......####
.......(..######
...............#
......<........#
#..............#
.......÷...)...#
####.....@{..[.#
###.<#......#
#######..#####
#........#### ..
..#.#####.....#.###
......†...........
..................
#.#.######.####.##
#.######.####.#


There were no monsters in sight!

Vanquished Creatures
  A worm (D:2)
  A dart slug (D:1)
  3 leopard geckos (D:1)
  2 goblins (D:1)
  4 hobgoblins (D:1)
  A ball python (D:2)
  5 bats
  A kobold (D:1)
  4 rats (D:1)
22 creatures vanquished.

Notes
Turn   | Place    | Note
-------+----------+-------------------------------------------
     0 | D:1      | kae the Demonspawn Transmuter began the quest for the Orb.
     0 | D:1      | Reached XP level 1. HP: 15/15 MP: 3/3
   473 | D:1      | Gained mutation: You have a somewhat thin skeletal
                  | structure. (Dex +2, Stealth) [demonic ancestry]
   473 | D:1      | Reached XP level 2. HP: 21/21 MP: 3/5
   802 | D:1      | Reached skill level 3 in Unarmed Combat
  1347 | D:2      | Gained mutation: Spells you cast may paralyse adjacent
                  | enemies. [demonic ancestry]
  1347 | D:2      | Reached XP level 3. HP: 25/26 MP: 4/6
  1394 | D:2      | Noticed Sigmund
  1478 | D:1      | Learned a level 3 spell: Spider Form
  1583 | D:2      | Mangled by Sigmund

Illustrated notes

Levels and vault maps discovered:
D:1:      dpeg_arrival_pond, layout_loops_cross, minivault_26
D:2:      layout_basic, minmay_cut_off, uniq_jessica, uniq_sigmund

Skill      XL: |  1  2 |
---------------+-------+-----
Transmutations | 2 |  2.3
Unarmed Combat | 3 |  3.0
Dodging        | 2 |  2.0
Fighting       | |  1.3
Spellcasting   | |  2.2

Action                   || total
-------------------------++-------
Melee: Unarmed           ||    59
       Kick              ||     8
       Headbutt          ||     8
 Cast: Beastly Appendage ||    15
       Spider Form       ||     2
  Use: Scroll            ||     2
 Stab: Sleeping          ||     2
       Paralysed         ||     1
Armor: Robe              ||    11
       Skin              ||     1
Dodge: Dodged            ||    35

Table legend: (Time is in decaauts)
 A = Elapsed time spent in this place.
 B = Non-inter-level travel time spent in this place.
 C = Inter-level travel time spent in this place.
 D = Time resting spent in this place.
 E = Time spent auto-exploring this place.
 F = Levels seen in this place.
 G = Mean time per level.
                   A        B        C        D        E       F      G
               +--------+--------+--------+--------+--------+-----+--------+
         Total |   1581 |   1540 |     41 |    227 |   1106 |   2 |  790.5 |
       Dungeon |   1581 |   1540 |     41 |    227 |   1106 |   2 |  790.5 |
               +--------+--------+--------+--------+--------+-----+--------+

Top non-repeatable levels by time:
     D:1: 1488 daAuts
     D:2: 93 daAuts
